AoeStats
← mauggy

Nomad

508359579Analyzed
3v3 RM · 11d ago on Sep 22, 2026· 45m 24s· 6 players
Game mode
Random Map
Map size
210×210
Population
200
Speed
Normal
Resources
Standard
Victory
Conquest
Starting age
Dark Age
Ending age
Imperial Age
RankedLock teamsTeams togetherTeam positionsShared explorationLock speedFull tech treeHidden civsTurbo modeCheats
Victory
Defeat
🇨🇦 Franks · Canada
1023
+17
🇨🇦 Goths · Canada
1008
+17
🇨🇦 Britons · Canada
949
+19
🇦🇷 Burgundians · Argentina
1044
-18
🇺🇸 Vietnamese · United States
1030
-18
🇨🇱 Armenians · Chile
1019
-17
oogaboogawherdayat
5:30 Loom
6:40 Loom
16:03 Feudal Age
16:42 Double-Bit Axe
16:54 Town Watch
16:59 Town Watch
19:35 Gold Mining
22:01 Castle Age
19:57 Stone Mining
20:33 Horse Collar
21:28 Fletching
21:38 Padded Archer Armor
23:11 Wheelbarrow
23:15 Bow Saw
24:36 Wheelbarrow
25:21 Bodkin Arrow
27:09 Ballistics
29:29 Padded Archer Armor
36:06 Imperial Age
34:33 Hand Cart
36:19 Leather Archer Armor
36:49 Stone Shaft Mining
37:01 Bracer
37:31 Ring Archer Armor
36:28 Capped Ram
38:02 Scale Mail Armor
38:06 Squires
39:51 Paper Money
40:11 Elite Rattan Archer
41:39 Elite Fire Lancer
EL FAT BARASNO
6:03 Loom
17:08 Feudal Age
16:35 Horse Collar
17:04 Double-Bit Axe
25:00 Castle Age
24:00 Scale Barding Armor
25:51 Forging
30:52 Cavalier
32:10 Iron Casting
32:26 Husbandry
33:17 Wheelbarrow
34:16 Pikeman
37:28 Bow Saw
37:21 Heavy Plow
38:01 Scale Mail Armor
44:33 Hand Cart
44:05 Town Watch
Renegado Vitoko
4:14 Loom
17:26 Feudal Age
18:46 Wheelbarrow
17:59 Double-Bit Axe
21:21 Town Watch
21:36 Man-at-Arms
22:15 Gold Mining
26:01 Castle Age
23:56 Stone Mining
23:29 Long Swordsman
25:27 Pikeman
27:10 Horse Collar
28:28 Scale Mail Armor
28:38 Heavy Plow
29:55 Squires
31:48 Bow Saw
35:18 Gold Shaft Mining
36:57 Hand Cart
36:07 Halberdier
38:12 Two-Handed Swordsman
40:17 Chain Mail Armor
40:12 Forging
41:13 Herbal Medicine
41:27 Gambesons
Jerry
5:32 Loom
13:58 Feudal Age
15:02 Double-Bit Axe
19:34 Castle Age
17:42 Horse Collar
21:46 Bow Saw
23:38 Stone Mining
25:41 Fishing Lines
26:32 Scale Mail Armor
26:43 Forging
28:46 Iron Casting
29:10 Gold Mining
30:29 Squires
30:44 Heavy Plow
32:21 Anarchy
32:42 Chain Mail Armor
35:50 Imperial Age
34:22 Wheelbarrow
36:03 Hand Cart
36:56 Conscription
36:06 Pikeman
36:36 Town Watch
36:56 Perfusion
37:29 Elite Huskarl
41:03 Chemistry
42:18 Blast Furnace
41:42 Halberdier
Gomey
16:21 Feudal Age
23:14 Castle Age
21:17 Stone Mining
22:00 Double-Bit Axe
24:38 Pikeman
25:18 Squires
26:33 Bow Saw
26:52 Scale Mail Armor
27:02 Forging
29:05 Horse Collar
34:48 Gold Mining
36:28 Padded Archer Armor
36:18 Fletching
36:32 Loom
37:58 Ballistics
43:35 Imperial Age
41:44 Wheelbarrow
41:46 Leather Archer Armor
41:27 Bodkin Arrow
44:17 Elite Longbowman
45:08 Bracer
mauggy
5:03 Loom
13:50 Feudal Age
14:18 Double-Bit Axe
14:44 Gold Mining
19:47 Castle Age
18:26 Stone Mining
22:07 Scale Barding Armor
22:46 Forging
22:53 Bow Saw
24:48 Iron Casting
28:10 Chain Barding Armor
34:45 Imperial Age
36:02 Conscription
35:07 Cavalier
35:49 Husbandry
36:27 Wheelbarrow
35:40 Town Watch
37:11 Blast Furnace
37:49 Chemistry
38:12 Plate Barding Armor
40:05 Paladin
40:51 Chivalry
42:41 Elite Throwing Axeman
Connection lost

Rejoining the realm…

Still unreachable

The connection could not be restored.

Session expired

The server has moved on; the page needs a fresh start.